 Dungeon Crawl Stone Soup version 0.27.1-33-g824d729ab1 (webtiles) character file.

Game seed: 15780679252584336649

11046 DenSaoPin the Grappler (level 11, 0/115 HPs)
             Began as a Troll Berserker on Nov 25, 2021.
             Was a High Priest of Trog.
             Slain by a ten-headed hydra (1 damage)
             ... on level 12 of the Dungeon.
             The game lasted 00:22:08 (7968 turns).

DenSaoPin the Grappler (Troll Berserker)            Turns: 7968, Time: 00:22:09

Health: 0/115      AC:  7    Str: 39    XL:     11   Next: 44%
Magic:  10/10      EV: 12    Int:  4    God:    Trog [*****.]
Gold:   666        SH:  0    Dex: 11    Spells: 10/10 levels left

rFire    . . .     SeeInvis .     - Unarmed
rCold    . . .     Faith    .   (no shield)
rNeg     . . .     Spirit   .   w - +0 troll leather armour
rPois    .         Reflect  .   (helmet restricted)
rElec    .         Harm     .   N - +0 cloak
rCorr    .         Rampage  .   (gloves unavailable)
Will     .....                  (boots unavailable)
Stlth    +.........             q - amulet of the acrobat
HPRegen  2.29/turn              C - +6 ring of strength
MPRegen  0.12/turn              G - +6 ring of strength

@: no status effects
A: large, unfitting armour, claws 3, regeneration 1, shaggy fur 1, tough skin 1
a: Renounce Religion, Berserk, Trog's Hand, Brothers in Arms


You were on level 12 of the Dungeon.
You worshipped Trog.
Trog was extremely pleased with you.
You visited 1 branch of the dungeon, and saw 12 of its levels.

You collected 666 gold pieces.

Inventory:

Hand Weapons
 r - the +5 dagger "Qodon" {vamp, Dex+3}
   (You found it on level 4 of the Dungeon)

   It occasionally heals its wielder for a portion of the damage dealt when it
   wounds a living foe.
   Dex:       It affects your dexterity (+3).
 S - the +5 dagger of Defilement {vorpal, rElec Str+3}
   (You took it off an orc on level 12 of the Dungeon)

   It inflicts extra damage upon your enemies.
   Str:       It affects your strength (+3).
   rElec:     It insulates you from electricity.
Armour
 a - a +0 animal skin
 l - a +0 pair of gloves
 w - a +0 troll leather armour (worn)
 N - a +0 cloak (worn)
Jewellery
 j - a ring of positive energy
 q - an amulet of the acrobat (around neck)
 t - a ring of flight
 y - a ring of willpower
 C - a +6 ring of strength (left claw)
 G - a +6 ring of strength (right claw)
 J - a +6 ring of strength
 M - a ring of see invisible
 O - a ring of protection from cold
Wands
 n - a wand of acid (12)
 I - a wand of flame (14)
 Q - a wand of paralysis (7)
 R - a wand of iceblast (12)
Scrolls
 b - 13 scrolls of identify {unknown}
 c - a scroll of blinking {unknown}
 d - 4 scrolls of magic mapping {unknown}
 e - 8 scrolls of teleportation {unknown}
 h - 6 scrolls of holy word {unknown}
 k - 2 scrolls of summoning {unknown}
 o - 3 scrolls of fear {unknown}
 p - 3 scrolls of enchant armour {unknown}
 u - 3 scrolls of noise {unknown}
 v - 3 scrolls of vulnerability {unknown}
 z - 4 scrolls of amnesia {unknown}
 A - 3 scrolls of fog {unknown}
 D - 2 scrolls of immolation {unknown}
 E - 2 scrolls of enchant weapon {unknown}
 F - a scroll of acquirement {unknown}
Potions
 f - 2 potions of attraction {unknown}
 g - a potion of berserk rage {unknown}
 i - 2 potions of flight {unknown}
 m - a potion of mutation {unknown}
 s - a potion of haste
 x - a potion of degeneration {unknown}
 B - 2 potions of might {unknown}
 H - 2 potions of brilliance {unknown}
 K - 2 potions of curing {unknown}
 L - a potion of cancellation {unknown}
 P - a potion of lignification {unknown}


   Skills:
 + Level 9.3 Fighting
 + Level 9.3 Dodging
 + Level 10.9 Unarmed Combat


You had 10 spell levels left.
You didn't know any spells.
Your spell library was empty.

Dungeon Overview and Level Annotations

Branches:
Dungeon (12/15)            Temple (0/1) D:5            Lair (0/6) D:9
    Orc: D:9-12

Altars:
Ashenzari
Dithmenos
Gozag
Ru
Trog
Uskayaw
The Shining One

Shops:
D:1 !   D:5 [   D:6 (


Innate Abilities, Weirdness & Mutations

You are too large for most types of armour.
You have claws for hands.
Your natural rate of healing is unusually fast.
You are covered in fur. (AC +1)
You have tough skin. (AC +1)


Message History

The eight-headed hydra closely misses you.
The eight-headed hydra misses you.
The eight-headed hydra closely misses you.
The eight-headed hydra completely misses you.
The eight-headed hydra barely misses you.
The eight-headed hydra closely misses you.
The eight-headed hydra bites you!
The eight-headed hydra bites you but does no damage.
The eight-headed hydra completely misses you.
The eight-headed hydra barely misses you.
The eight-headed hydra bites you.
The eight-headed hydra barely misses you.
The eight-headed hydra bites you.
The eight-headed hydra completely misses you. x2
You tear one of the eight-headed hydra's heads off!
The seven-headed hydra grows two more!
You claw the nine-headed hydra!
The nine-headed hydra is lightly wounded.
The nine-headed hydra bites you! x2
The nine-headed hydra barely misses you.
The nine-headed hydra misses you.
The nine-headed hydra bites you but does no damage.
The nine-headed hydra bites you. The nine-headed hydra bites you!
The nine-headed hydra closely misses you.
The nine-headed hydra barely misses you.
You claw one of the nine-headed hydra's heads off!
The eight-headed hydra grows two more!
You mangle the ten-headed hydra!!
The ten-headed hydra is moderately wounded.
The ten-headed hydra bites you! x4
* * * LOW HITPOINT WARNING * * *
The ten-headed hydra closely misses you.
The ten-headed hydra bites you!
* * * LOW HITPOINT WARNING * * *
The ten-headed hydra bites you!
* * * LOW HITPOINT WARNING * * *
The ten-headed hydra bites you!
* * * LOW HITPOINT WARNING * * *
The ten-headed hydra bites you!
* * * LOW HITPOINT WARNING * * *
The ten-headed hydra bites you.
You die...

.........#.#.#.#..
......†............
..#....#.#.#.#.#..#
..#.##.#.#.#.# #..#
###(##.#.#...#+#..# #
#.##.#.###......#
#.##.#...'......#
#.##.#####......#
###.##.....<....@.#
.............###D##
###.............T####.
#########...........#
###.######### #..#
##.## #..# ##.#####


You could see a ten-headed hydra and a troll.

Vanquished Creatures
  2 boulder beetles (D:12)
  A two-headed ogre (D:11)
  A gargoyle (D:6)
  A komodo dragon (D:12)
  2 kobold demonologists (D:11)
  4 trolls
  Grinder (D:3)
  Prince Ribbit (D:7)
  2 shadows
  A meliai zombie (D:10)
  2 wyverns
  8 yaks
  Eustachio (D:5)
  7 vampire mosquitoes (D:11)
  2 steam dragons
  Edmund (D:6)
  Menkaure (D:6)
  A water moccasin (D:7)
  2 ice beasts
  2 orc warriors
  A black bear (D:7)
  A necrophage (D:6)
  An ogre (D:6)
  2 centaurs
  3 wolves (D:9)
  2 phantoms (D:6)
  6 kobold brigands
  2 bullfrogs
  2 wyvern zombies (D:8)
  2 scorpions (D:4)
  A water moccasin zombie (D:5)
  8 killer bees (D:9)
  3 wights (D:7)
  2 howler monkeys
  An electric eel (D:9)
  A centaur skeleton (D:6)
  An orc priest (D:11)
  A gnoll shaman (D:7)
  8 hounds
  An iguana (D:4)
  5 orc wizards
  6 adders
  11 gnolls
  An ufetubus (D:5)
  4 worms
  A dart slug (D:1)
  17 orcs
  6 ball pythons
  9 bats
  3 endoplasms
  2 giant cockroaches
  3 goblins
  8 hobgoblins
  39 kobolds
  5 quokkas
  2 frilled lizards (D:3)
  2 rats
216 creatures vanquished.

Vanquished Creatures (others)
  A gnoll shaman (D:7)
  2 gnolls (D:7)
3 creatures vanquished.

Grand Total: 219 creatures vanquished

Notes
Turn   | Place    | Note
-------+----------+-------------------------------------------
     0 | D:1      | DenSaoPin the Troll Berserker began the quest for the Orb.
     0 | D:1      | Reached XP level 1. HP: 22/22 MP: 0/0
   100 | D:1      | Found Moecwej's Distillery.
   118 | D:1      | Reached XP level 2. HP: 29/29 MP: 1/1
   810 | D:2      | Reached XP level 3. HP: 36/36 MP: 2/2
   818 | D:2      | Found a hide-covered altar of Uskayaw.
   885 | D:2      | Reached ** piety under Trog
  1301 | D:3      | Reached XP level 4. HP: 45/45 MP: 3/3
  1619 | D:3      | Noticed Grinder
  1651 | D:3      | Paralysed by Grinder for 3 turns
  1671 | D:3      | Killed Grinder
  1672 | D:3      | Reached skill level 4 in Unarmed Combat
  1672 | D:3      | Reached XP level 5. HP: 41/54 MP: 4/4
  1672 | D:3      | Reached XP level 6. HP: 47/62 MP: 5/5
  2301 | D:4      | Found a broken altar of Ashenzari.
  2302 | D:4      | Found a shadowy altar of Dithmenos.
  2435 | D:4      | Reached skill level 5 in Unarmed Combat
  2475 | D:4      | Identified the +5 dagger "Qodon" {vamp, Dex+3}
  2707 | D:5      | Entered Level 5 of the Dungeon
  2715 | D:5      | Reached XP level 7. HP: 69/70 MP: 6/6
  2828 | D:5      | Found Peicsien's Armour Shoppe.
  2953 | D:5      | Found a staircase to the Ecumenical Temple.
  3167 | D:5      | Noticed Eustachio
  3181 | D:5      | Killed Eustachio
  3602 | D:6      | Noticed a troll
  3749 | D:6      | Killed a troll
  3750 | D:6      | Reached skill level 5 in Fighting
  3750 | D:6      | Reached skill level 5 in Dodging
  3750 | D:6      | Reached skill level 6 in Unarmed Combat
  3764 | D:6      | Noticed a gargoyle
  3813 | D:6      | Killed a gargoyle
  3814 | D:6      | Reached XP level 8. HP: 60/80 MP: 7/7
  4030 | D:6      | Noticed Menkaure
  4053 | D:6      | Killed Menkaure
  4053 | D:6      | Reached *** piety under Trog
  4054 | D:6      | Reached skill level 7 in Unarmed Combat
  4422 | D:6      | Noticed Edmund
  4442 | D:6      | Killed Edmund
  4443 | D:6      | Reached XP level 9. HP: 45/89 MP: 8/8
  4638 | D:6      | Found Viaschai's Weapon Boutique.
  4963 | D:7      | Noticed Prince Ribbit
  5009 | D:7      | Killed Prince Ribbit
  5010 | D:7      | Reached skill level 8 in Unarmed Combat
  5076 | D:7      | Found a bloodstained altar of Trog.
  5478 | D:8      | Reached **** piety under Trog
  5657 | D:8      | Found a sacrificial altar of Ru.
  5912 | D:9      | Noticed a troll
  5918 | D:9      | Killed a troll
  5929 | D:9      | Reached XP level 10. HP: 99/102 MP: 9/9
  5935 | D:9      | Reached skill level 9 in Unarmed Combat
  5961 | D:9      | Found a staircase to the Lair.
  6036 | D:9      | Found a glowing golden altar of the Shining One.
  6162 | D:9      | Reached ***** piety under Trog
  6683 | D:10     | Entered Level 10 of the Dungeon
  6979 | D:10     | Found an opulent altar of Gozag.
  7111 | D:11     | Noticed a two-headed ogre
  7117 | D:11     | Killed a two-headed ogre
  7118 | D:11     | Reached skill level 10 in Unarmed Combat
  7454 | D:11     | Reached XP level 11. HP: 58/113 MP: 10/10
  7776 | D:12     | Noticed a boulder beetle
  7792 | D:12     | Killed a boulder beetle
  7884 | D:12     | Noticed a boulder beetle
  7888 | D:12     | Identified the +5 dagger of Defilement {vorpal, rElec
                  | Str+3}
  7927 | D:12     | Killed a boulder beetle
  7933 | D:12     | Noticed an eight-headed hydra
  7968 | D:12     | HP: 1/115 [ten-headed hydra (7)]
  7968 | D:12     | Slain by a ten-headed hydra

Illustrated notes

Levels and vault maps discovered:
D:1:      elethiomel_arrival_maze, layout_basic, serial_shops, shop
D:2:      layout_rooms, basic_altar, kennysheep_generic_room_15
D:3:      layout_basic, uniq_grinder
D:4:      layout_loops_ring, mainiacjoe_overflow_catwalk_spiral
D:5:      layout_basic, minmay_temple_entry_butterflies, serial_shops, shop,
          grunt_ministairs_6, chequers_serial_rivers_micro_e, uniq_eustachio
D:6:      layout_layer_cave, serial_shops, nicolae_lakefront_shop, uniq_edmund,
          uniq_menkaure
D:7:      layout_cave_pools, trog_hazing_becter, uniq_prince_ribbit1
D:8:      layout_cave_pools, nicolae_ru_awakened_eye
D:9:      layout_roguey, lemuel_round_altar, erik_lair_island
D:10:     layout_rooms, kennysheep_mini_moat
D:11:     layout_long_grid
D:12:     layout_basic, hiddenorc1_lemuel, solitary_fountain

Skill      XL: |  1  2  3  4  5  6  7  8  9 10 11 |
---------------+----------------------------------+-----
Fighting       | 3 4 5 6 7 8 9 |  9.3
Dodging        | 3 4 5 6 7 8 9 |  9.3
Unarmed Combat | 4 5 6 7 8 10 | 10.9

Action                   |  1- 3 |  4- 6 |  7- 9 | 10-12 || total
-------------------------+-------+-------+-------+-------++-------
Melee: Unarmed           |   103 |    77 |   299 |   284 ||   763
       Punch             |       |     2 |    10 |    17 ||    29
Invok: Berserk           |       |       |     1 |       ||     1
Armor: Animal skin       |    43 |    29 |    12 |       ||    84
       Troll leather arm |       |       |    78 |    78 ||   156
Dodge: Dodged            |    58 |    43 |   216 |   233 ||   550
